[Event "26th Abu Dhabi Master 2019"]
[Site "Abu Dhabi"]
[Date "2019.08.04"]
[Round "4.8"]
[White "Yakubboev, Nodirbek"]
[Black "Bartel, Mateusz"]
[Result "1/2-1/2"]
[ECO "D02"]
[WhiteElo "2575"]
[BlackElo "2600"]
[Annotator "ChessBase"]
[PlyCount "55"]
[EventDate "2019.08.02"]
[EventType "swiss"]
[EventCountry "UAE"]
[SourceTitle "playchess.com"]
[Source "ChessBase"]
[SourceQuality "1"]
[TimeControl "5400+30"]

1. d4 d5 2. Nf3 c6 3. c4 e6 4. e3 Nf6 5. b3 Ne4 6. Bd3 Bb4+ 7. Nbd2 f5 8. Ne5 O-O 9. O-O Nd7 10. Ndf3 Qf6 11. Bb2 Bd6 12. Qe2 Qh6 13. b4 Bxb4 14. a4 Bd6 15. Ba3 c5 16. cxd5 exd5 17. Qa2 Ndf6 18. dxc5 Nxc5 19. Bxc5 Bxc5 20. Qc2 Bd6 21. Bxf5 Bxf5 22. Qxf5 Ne4 23. Qd7 Rae8 24. Nf7 Rxf7 25. Qxe8+ Rf8 26. Qb5 Nc3 27. Qb2 Rxf3 28. h3 1/2-1/2

[Event "26th Abu Dhabi Master 2019"]
[Site "Abu Dhabi"]
[Date "2019.08.04"]
[Round "4.9"]
[White "Paichadze, Luka"]
[Black "Aravindh, Chithambaram VR."]
[Result "1/2-1/2"]
[ECO "B23"]
[WhiteElo "2567"]
[BlackElo "2600"]
[Annotator "ChessBase"]
[PlyCount "41"]
[EventDate "2019.08.02"]
[EventType "swiss"]
[EventCountry "UAE"]
[SourceTitle "playchess.com"]
[Source "ChessBase"]
[SourceQuality "1"]
[TimeControl "5400+30"]

1. e4 c5 2. Nc3 d6 3. d4 cxd4 4. Qxd4 Nc6 5. Qd2 g6 6. b3 Bh6 7. f4 f5 8. Bb2 Nf6 9. Bd3 Qa5 10. Nge2 Rf8 11. g3 fxe4 12. Nxe4 Qxd2+ 13. Kxd2 Nxe4+ 14. Bxe4 Bf5 15. Bxf5 Rxf5 16. Raf1 e5 17. g4 Bxf4+ 18. Nxf4 Rxf4 19. Rxf4 exf4 20. Rf1 g5 21. h4 1/2-1/2

[Event "26th Abu Dhabi Master 2019"]
[Site "Abu Dhabi"]
[Date "2019.08.04"]
[Round "4.10"]
[White "Zubov, Alexander"]
[Black "Santos Ruiz, Miguel"]
[Result "1/2-1/2"]
[ECO "C65"]
[WhiteElo "2601"]
[BlackElo "2567"]
[Annotator "ChessBase"]
[PlyCount "67"]
[EventDate "2019.08.02"]
[EventType "swiss"]
[EventCountry "UAE"]
[SourceTitle "playchess.com"]
[Source "ChessBase"]
[SourceQuality "1"]
[TimeControl "5400+30"]

1. e4 e5 2. Nf3 Nc6 3. Bb5 Nf6 4. d3 Bc5 5. Nc3 a6 6. Bxc6 dxc6 7. Nxe5 Qd4 8. Be3 Qxe5 9. d4 Qe7 10. dxc5 Nxe4 11. Qd4 Bf5 12. O-O-O O-O 13. Nxe4 Qxe4 14. Qxe4 Bxe4 15. f3 Bd5 16. Rhe1 Rfe8 17. Bf4 f6 18. Bxc7 Rxe1 19. Rxe1 Kf7 20. Kd2 Re8 21. Rd1 Ke6 22. Rf1 Kd7 23. Bg3 Kc8 24. b3 Bf7 25. c4 Bg6 26. Rf2 Bf5 27. Bd6 Bb1 28. Kc3 Re3+ 29. Kb4 Bd3 30. Rd2 Bf1 31. Bf8 Re2 32. Rd1 Bxg2 33. Bxg7 Bxf3 34. Rf1 1/2-1/2

[Event "26th Abu Dhabi Master 2019"]
[Site "Abu Dhabi"]
[Date "2019.08.04"]
[Round "4.11"]
[White "Tabatabaei, M.amin"]
[Black "Istratescu, Andrei"]
[Result "1/2-1/2"]
[ECO "E11"]
[WhiteElo "2601"]
[BlackElo "2555"]
[Annotator "ChessBase"]
[PlyCount "67"]
[EventDate "2019.08.02"]
[EventType "swiss"]
[EventCountry "UAE"]
[SourceTitle "playchess.com"]
[Source "ChessBase"]
[SourceQuality "1"]
[TimeControl "5400+30"]

1. d4 Nf6 2. c4 e6 3. Nf3 Bb4+ 4. Nbd2 O-O 5. a3 Bxd2+ 6. Qxd2 d5 7. e3 b6 8. b3 c5 9. dxc5 bxc5 10. Be2 Ba6 11. Qc2 Nbd7 12. O-O Rb8 13. Bb2 Qb6 14. Nd2 Rfc8 15. Rab1 e5 16. Rfe1 d4 17. exd4 exd4 18. b4 Qd6 19. Nb3 cxb4 20. axb4 d3 21. Bxd3 Rxb4 22. Ba3 Ng4 23. g3 Qh6 24. h4 Rbb8 25. Bc1 Qh5 26. Bf4 Nge5 27. Be2 Qg6 28. Qxg6 hxg6 29. Nd2 Rxb1 30. Rxb1 Bxc4 31. Nxc4 Nxc4 32. Rb7 Nc5 33. Rxa7 Ne6 34. Bxc4 1/2-1/2

[Event "26th Abu Dhabi Master 2019"]
[Site "Abu Dhabi"]
[Date "2019.08.04"]
[Round "4.12"]
[White "Ter-Sahakyan, Samvel"]
[Black "Sengupta, Deep"]
[Result "1/2-1/2"]
[ECO "B38"]
[WhiteElo "2625"]
[BlackElo "2558"]
[Annotator "ChessBase"]
[PlyCount "72"]
[EventDate "2019.08.02"]
[EventType "swiss"]
[EventCountry "UAE"]
[SourceTitle "playchess.com"]
[Source "ChessBase"]
[SourceQuality "1"]
[TimeControl "5400+30"]

1. e4 c5 2. Nf3 Nc6 3. d4 cxd4 4. Nxd4 g6 5. c4 Bg7 6. Be3 Nf6 7. Nc3 O-O 8. Be2 d6 9. O-O Nxd4 10. Bxd4 Bd7 11. h3 Bc6 12. Qc2 Qc7 13. Rac1 Bh6 14. f4 e5 15. Be3 Rae8 16. Bd2 Qb6+ 17. Kh1 exf4 18. Bxf4 Bxf4 19. Rxf4 Qd4 20. Bf3 Re6 21. Rd1 Qe3 22. Qd2 Qxd2 23. Rxd2 Kg7 24. Bg4 Nxg4 25. Rxg4 Rfe8 26. b3 Rf6 27. Kh2 Re5 28. Kg3 Rfe6 29. Kf2 h5 30. Rf4 a6 31. Rd4 Kf8 32. h4 Ke8 33. b4 f6 34. Ke3 b5 35. cxb5 axb5 36. Kd3 Kf7 1/2-1/2

[Event "26th Abu Dhabi Master 2019"]
[Site "Abu Dhabi"]
[Date "2019.08.04"]
[Round "4.13"]
[White "Ni, Shiqun"]
[Black "Akopian, Vladimir"]
[Result "0-1"]
[ECO "B08"]
[WhiteElo "2407"]
[BlackElo "2650"]
[Annotator "ChessBase"]
[PlyCount "118"]
[EventDate "2019.08.02"]
[EventType "swiss"]
[EventCountry "UAE"]
[SourceTitle "playchess.com"]
[Source "ChessBase"]
[SourceQuality "1"]
[TimeControl "5400+30"]

1. e4 d6 2. d4 g6 3. Nc3 Bg7 4. Nf3 Nf6 5. Be2 O-O 6. O-O c6 7. a4 a5 8. h3 Na6 9. Re1 Nb4 10. Bc4 d5 11. Bb3 Nxe4 12. Nxe4 dxe4 13. Rxe4 Bf5 14. Re2 Qd6 15. Bg5 Bf6 16. Bh6 Rfd8 17. Ng5 Nd5 18. Rd2 Bg7 19. Bxg7 Kxg7 20. c4 f6 21. cxd5 fxg5 22. dxc6 bxc6 23. Qe2 Qf6 24. Rc1 Rab8 25. Bc4 h5 26. Re1 Rb7 27. Qe5 g4 28. hxg4 hxg4 29. Qxa5 Rxd4 30. Rxd4 Qxd4 31. Qe5+ Qxe5 32. Rxe5 Rxb2 33. Rxe7+ Kf6 34. Rc7 Be4 35. f3 gxf3 36. gxf3 Bd5 37. Bxd5 cxd5 38. Rc6+ Kf5 39. Rd6 Ke5 40. Rxg6 Kf4 41. Rg2 Rb3 42. Rd2 Kg3 43. Rd1 d4 44. f4 d3 45. f5 Kf3 46. Rf1+ Ke2 47. Rf2+ Ke3 48. Kg2 d2 49. Rf3+ Ke2 50. Rf2+ Kd3 51. Rf1 Kc2 52. f6 d1=Q 53. Rxd1 Kxd1 54. a5 Ke2 55. a6 Rb8 56. Kg3 Ke3 57. Kg4 Ke4 58. Kg5 Ke5 59. Kg6 Rb6 0-1

[Event "26th Abu Dhabi Master 2019"]
[Site "Abu Dhabi"]
[Date "2019.08.04"]
[Round "4.14"]
[White "Soumya, Swaminathan"]
[Black "Esipenko, Andrey"]
[Result "0-1"]
[ECO "B12"]
[WhiteElo "2402"]
[BlackElo "2621"]
[Annotator "ChessBase"]
[PlyCount "79"]
[EventDate "2019.08.02"]
[EventType "swiss"]
[EventCountry "UAE"]
[SourceTitle "playchess.com"]
[Source "ChessBase"]
[SourceQuality "1"]
[TimeControl "5400+30"]

1. e4 c6 2. d4 d5 3. e5 Bf5 4. Nd2 e6 5. Nb3 Nd7 6. Nf3 Qc7 7. Be2 c5 8. c3 h6 9. dxc5 Bxc5 10. Nxc5 Nxc5 11. Nd4 Ne7 12. Nxf5 Nxf5 13. g4 Nh4 14. Qd4 h5 15. gxh5 Nf5 16. Qb4 a6 17. Kf1 O-O-O 18. Bg5 Ne4 19. Bxd8 Rxd8 20. Bd3 Qxe5 21. Re1 Nfd6 22. Re2 Qxh5 23. Bxe4 Nxe4 24. Qd4 Qh3+ 25. Ke1 Qg2 26. Rf1 Ng5 27. Qc5+ Kb8 28. f4 Nf3+ 29. Rxf3 Qxf3 30. Qe7 Rh8 31. Qxf7 Qh1+ 32. Kd2 Qb1 33. Qxe6 Qxb2+ 34. Kd3 Qb1+ 35. Kd4 Qb5 36. Qe5+ Ka8 37. Rg2 Rh3 38. Qe2 Qb6+ 39. Kxd5 Re3 40. Qb2 0-1

[Event "26th Abu Dhabi Master 2019"]
[Site "Abu Dhabi"]
[Date "2019.08.04"]
[Round "4.15"]
[White "Socko, Bartosz"]
[Black "Muradli, Mahammad"]
[Result "1-0"]
[ECO "B90"]
[WhiteElo "2625"]
[BlackElo "2454"]
[Annotator "ChessBase"]
[PlyCount "115"]
[EventDate "2019.08.02"]
[EventType "swiss"]
[EventCountry "UAE"]
[SourceTitle "playchess.com"]
[Source "ChessBase"]
[SourceQuality "1"]
[TimeControl "5400+30"]

1. e4 c5 2. Nf3 d6 3. d4 cxd4 4. Nxd4 Nf6 5. Nc3 a6 6. Be3 e5 7. Nf3 Qc7 8. a4 Be7 9. Be2 b6 10. Nd2 Be6 11. O-O O-O 12. f4 d5 13. fxe5 Qxe5 14. Nf3 Qc7 15. Nxd5 Bxd5 16. exd5 Bc5 17. Bxc5 Qxc5+ 18. Qd4 Nxd5 19. Qxc5 bxc5 20. Rfd1 Ne3 21. Rd6 Ra7 22. Ra3 Nxc2 23. Rc3 Nb4 24. Rxc5 Nd7 25. Rc1 a5 26. Bc4 Nf6 27. Re1 Ne8 28. Rb6 Rd7 29. Bb5 Rd8 30. Bxe8 Rfxe8 31. Rxe8+ Rxe8 32. Rb5 Ra8 33. Ne5 h6 34. h4 f6 35. Nc4 Nd3 36. b3 Re8 37. Rxa5 Re1+ 38. Kh2 Re2 39. h5 Ne1 40. Kg3 Rxg2+ 41. Kf4 Nd3+ 42. Ke4 Nc1 43. Rb5 Rg3 44. b4 Na2 45. Rb8+ Kh7 46. Kd4 Rg4+ 47. Kd3 Nc1+ 48. Kc3 Ne2+ 49. Kd2 Nd4 50. Kd3 Nc6 51. Rb6 Rg3+ 52. Kd2 Nd4 53. a5 Nb3+ 54. Kc2 Nd4+ 55. Kb2 Rb3+ 56. Ka2 Rc3 57. a6 Rc2+ 58. Kb1 1-0

[Event "26th Abu Dhabi Master 2019"]
[Site "Abu Dhabi"]
[Date "2019.08.04"]
[Round "4.16"]
[White "Karthikeyan, Murali"]
[Black "Tahbaz, Arash"]
[Result "1-0"]
[ECO "B72"]
[WhiteElo "2613"]
[BlackElo "2461"]
[Annotator "ChessBase"]
[PlyCount "107"]
[EventDate "2019.08.02"]
[EventType "swiss"]
[EventCountry "UAE"]
[SourceTitle "playchess.com"]
[Source "ChessBase"]
[SourceQuality "1"]
[TimeControl "5400+30"]

1. e4 c5 2. Nf3 d6 3. d4 cxd4 4. Nxd4 Nf6 5. Nc3 g6 6. Be3 Bg7 7. Be2 O-O 8. Qd2 Nc6 9. O-O-O Nxd4 10. Bxd4 Be6 11. Kb1 Qa5 12. a3 Rfc8 13. h4 h5 14. Qg5 b5 15. Qxb5 Qc7 16. Qa4 Rab8 17. Bb5 Qb7 18. Qxa7 Qxa7 19. Bxa7 Rb7 20. Bd4 Rxc3 21. Bxc3 Rxb5 22. f3 Nd7 23. Bxg7 Kxg7 24. Rd4 f5 25. Re1 Kf6 26. exf5 gxf5 27. Rb4 Rd5 28. Kc1 Rc5 29. a4 Bd5 30. b3 e5 31. Kb2 Bc6 32. Ra1 Ra5 33. Rc4 Ra6 34. b4 Bxa4 35. Rc7 d5 36. b5 Rb6 37. Rxa4 Rxb5+ 38. Kc1 Nb8 39. Raa7 Ke6 40. Rh7 e4 41. fxe4 dxe4 42. Rxh5 Rd5 43. Rh8 Nd7 44. Re8+ Kf6 45. Ra6+ Kf7 46. Rae6 Nf6 47. R8e7+ Kf8 48. Ra7 Nd7 49. g4 fxg4 50. Rxe4 Nf6 51. Rf4 Rd6 52. h5 Kg8 53. h6 Kh8 54. Rg7 1-0

[Event "26th Abu Dhabi Master 2019"]
[Site "Abu Dhabi"]
[Date "2019.08.04"]
[Round "4.17"]
[White "Petrov, Nikita"]
[Black "Lee, Jun Hyeok"]
[Result "1-0"]
[ECO "B06"]
[WhiteElo "2600"]
[BlackElo "2383"]
[Annotator "ChessBase"]
[PlyCount "69"]
[EventDate "2019.08.02"]
[EventType "swiss"]
[EventCountry "UAE"]
[SourceTitle "playchess.com"]
[Source "ChessBase"]
[SourceQuality "1"]
[TimeControl "5400+30"]

1. e4 g6 2. d4 Bg7 3. Nc3 d6 4. Be3 a6 5. h4 Nf6 6. h5 Nxh5 7. Rxh5 gxh5 8. Qxh5 e6 9. e5 d5 10. f4 Nc6 11. Nf3 Kf8 12. g4 f6 13. O-O-O Bd7 14. f5 h6 15. Bd3 Kg8 16. Rg1 Qe7 17. Qh2 Re8 18. Bf4 Qf7 19. Qf2 Kf8 20. Nh4 Ke7 21. fxe6 Bxe6 22. Bg6 Qg8 23. Nf5+ Kd7 24. Bxe8+ Kxe8 25. exf6 Bxf6 26. Bxc7 Kd7 27. Bh2 Rh7 28. Na4 Qg5+ 29. Bf4 Bxf5 30. Bxg5 Bxg5+ 31. Kb1 Bg6 32. Nc5+ Kc7 33. Ne6+ Kb6 34. Nxg5 hxg5 35. Qd2 1-0

[Event "26th Abu Dhabi Master 2019"]
[Site "Abu Dhabi"]
[Date "2019.08.04"]
[Round "4.18"]
[White "Vaibhav, Suri"]
[Black "Krishna C R G"]
[Result "1-0"]
[ECO "C18"]
[WhiteElo "2591"]
[BlackElo "2463"]
[Annotator "ChessBase"]
[PlyCount "87"]
[EventDate "2019.08.02"]
[EventType "swiss"]
[EventCountry "UAE"]
[SourceTitle "playchess.com"]
[Source "ChessBase"]
[SourceQuality "1"]
[TimeControl "5400+30"]

1. e4 e6 2. d4 d5 3. Nc3 Bb4 4. e5 c5 5. a3 Bxc3+ 6. bxc3 Qa5 7. Bd2 Qa4 8. Qg4 Kf8 9. h4 Nc6 10. h5 h6 11. Qf4 Qxc2 12. dxc5 Qe4+ 13. Qxe4 dxe4 14. Bf4 Nge7 15. Ne2 b6 16. c4 Na5 17. Nc3 Ba6 18. Nxe4 Bxc4 19. Bxc4 Nxc4 20. Rc1 b5 21. a4 a6 22. axb5 axb5 23. Nd6 Nd5 24. Bg3 Ke7 25. O-O Ra4 26. c6 Nc7 27. Nxc4 bxc4 28. Rfd1 Nd5 29. Rd4 Rb8 30. Rdxc4 Rb1 31. Rxb1 Rxc4 32. Rb7+ Ke8 33. Rb8+ Ke7 34. Rg8 Rxc6 35. Bh4+ Kd7 36. Rxg7 Rc4 37. g3 Re4 38. Bf6 Nxf6 39. exf6 e5 40. Rxf7+ Ke6 41. Rf8 Re1+ 42. Kg2 e4 43. g4 Re2 44. Kg3 1-0

[Event "26th Abu Dhabi Master 2019"]
[Site "Abu Dhabi"]
[Date "2019.08.04"]
[Round "4.19"]
[White "Assaubayeva, Bibisara"]
[Black "Idani, Pouya"]
[Result "1/2-1/2"]
[ECO "A04"]
[WhiteElo "2375"]
[BlackElo "2595"]
[Annotator "ChessBase"]
[PlyCount "77"]
[EventDate "2019.08.02"]
[EventType "swiss"]
[EventCountry "UAE"]
[SourceTitle "playchess.com"]
[Source "ChessBase"]
[SourceQuality "1"]
[TimeControl "5400+30"]

1. Nf3 c5 2. c4 Nc6 3. d4 cxd4 4. Nxd4 g6 5. Nc2 Bg7 6. e4 d6 7. Be2 Be6 8. O-O Rc8 9. Ne3 Nf6 10. f3 O-O 11. Nc3 Nd7 12. Bd2 Nd4 13. Kh1 a6 14. a4 Nc5 15. Ra3 f5 16. b4 Nd7 17. Ned5 Bxd5 18. Nxd5 e6 19. Nf4 fxe4 20. fxe4 Ne5 21. Bc3 Nxe2 22. Qxe2 Qe7 23. Rb3 Nxc4 24. Bxg7 Kxg7 25. Rbf3 Ne5 26. R3f2 Rf7 27. Qa2 Kg8 28. Kg1 Re8 29. h3 b5 30. axb5 axb5 31. Kh1 Qd7 32. Qb3 Qe7 33. Kg1 g5 34. Nd3 Rxf2 35. Rxf2 Qg7 36. Nxe5 Qxe5 37. Qf3 Qg7 38. Qd3 Qe5 39. Qf3 1/2-1/2

[Event "26th Abu Dhabi Master 2019"]
[Site "Abu Dhabi"]
[Date "2019.08.04"]
[Round "4.20"]
[White "Yuffa, Daniil"]
[Black "Laxman, R.R."]
[Result "1-0"]
[ECO "E15"]
[WhiteElo "2582"]
[BlackElo "2429"]
[Annotator "ChessBase"]
[PlyCount "55"]
[EventDate "2019.08.02"]
[EventType "swiss"]
[EventCountry "UAE"]
[SourceTitle "playchess.com"]
[Source "ChessBase"]
[SourceQuality "1"]
[TimeControl "5400+30"]

1. d4 Nf6 2. c4 e6 3. Nf3 b6 4. g3 Bb7 5. Bg2 g6 6. Nc3 Ne4 7. d5 Nxc3 8. Qd4 f6 9. Qxc3 exd5 10. cxd5 Bxd5 11. Bf4 Nc6 12. O-O-O Be4 13. Bh3 Nb4 14. Qb3 d5 15. a3 g5 16. Bd2 Nc2 17. Bc3 Bh6 18. Qa4+ Kf7 19. Bg4 b5 20. Qxb5 Rb8 21. Qa4 c5 22. Bh5+ Ke6 23. e3 Na1 24. b4 d4 25. Bxd4 Bxf3 26. Bxa1 Bxd1 27. Rxd1 Qc7 28. Qa6+ {[%emt 0:00:30] Qd8} 1-0

[Event "26th Abu Dhabi Master 2019"]
[Site "Abu Dhabi"]
[Date "2019.08.04"]
[Round "4.21"]
[White "Praggnanandhaa R"]
[Black "Rakesh Kumar Jena"]
[Result "1-0"]
[ECO "B33"]
[WhiteElo "2540"]
[BlackElo "2395"]
[Annotator "ChessBase"]
[PlyCount "53"]
[EventDate "2019.08.02"]
[EventType "swiss"]
[EventCountry "UAE"]
[SourceTitle "playchess.com"]
[Source "ChessBase"]
[SourceQuality "1"]
[TimeControl "5400+30"]

1. e4 c5 2. Nf3 Nc6 3. d4 cxd4 4. Nxd4 Nf6 5. Nc3 e5 6. Ndb5 d6 7. Bg5 a6 8. Na3 b5 9. Bxf6 gxf6 10. Nd5 Bg7 11. Bd3 Ne7 12. Nxe7 Qxe7 13. c4 f5 14. O-O O-O 15. Qh5 Qb7 16. Rfe1 d5 17. exf5 e4 18. Bc2 bxc4 19. Nxc4 Qc6 20. Ne3 Bb7 21. Bb3 Rad8 22. Ng4 Rd6 23. Rac1 Qb6 24. Re3 Rfd8 25. Rg3 Rf6 26. Qh4 Rfd6 27. f6 1-0

[Event "26th Abu Dhabi Master 2019"]
[Site "Abu Dhabi"]
[Date "2019.08.04"]
[Round "4.22"]
[White "Aryan Chopra"]
[Black "Dimakiling, Oliver"]
[Result "1-0"]
[ECO "B01"]
[WhiteElo "2553"]
[BlackElo "2403"]
[Annotator "ChessBase"]
[PlyCount "117"]
[EventDate "2019.08.02"]
[EventType "swiss"]
[EventCountry "UAE"]
[SourceTitle "playchess.com"]
[Source "ChessBase"]
[SourceQuality "1"]
[TimeControl "5400+30"]

1. e4 d5 2. exd5 Qxd5 3. Nc3 Qd8 4. d4 Nf6 5. Nf3 g6 6. Bf4 a6 7. Bc4 Bg7 8. Qe2 O-O 9. O-O-O Bg4 10. h3 Bxf3 11. Qxf3 Nc6 12. Be5 e6 13. Bf4 Nxd4 14. Qxb7 c5 15. Rhe1 Nh5 16. Bh2 Qh4 17. Qe4 Qg5+ 18. f4 Qh4 19. Qe3 Nf5 20. Qf3 g5 21. fxg5 Qxg5+ 22. Kb1 Nd4 23. Qg4 Qxg4 24. hxg4 Nf6 25. g5 Ng4 26. Bf4 Rfd8 27. Ne4 a5 28. c3 Nf5 29. Rxd8+ Rxd8 30. Bc7 Ra8 31. Nxc5 Nge3 32. Bb3 Bf8 33. Ne4 a4 34. Bd1 a3 35. b4 Rc8 36. Be5 Nc4 37. Bf6 Nfe3 38. Bf3 Bg7 39. Nd6 Bxf6 40. gxf6 Nxd6 41. Rxe3 Ne8 42. Kc2 Nxf6 43. Kb3 h5 44. Kxa3 Kg7 45. Kb3 Kg6 46. Re5 Ng4 47. Bxg4 hxg4 48. a4 Kf6 49. Re1 e5 50. a5 Ke6 51. a6 Ra8 52. b5 f5 53. c4 f4 54. c5 Kd5 55. Kb4 e4 56. b6 f3 57. b7 Rb8 58. Kc3 f2 59. Rd1+ 1-0

[Event "26th Abu Dhabi Master 2019"]
[Site "Abu Dhabi"]
[Date "2019.08.04"]
[Round "4.23"]
[White "Sanal, Vahap"]
[Black "Divya Deshmukh"]
[Result "1-0"]
[ECO "B23"]
[WhiteElo "2520"]
[BlackElo "2373"]
[Annotator "ChessBase"]
[PlyCount "83"]
[EventDate "2019.08.02"]
[EventType "swiss"]
[EventCountry "UAE"]
[SourceTitle "playchess.com"]
[Source "ChessBase"]
[SourceQuality "1"]
[TimeControl "5400+30"]

1. e4 c5 2. Nc3 Nc6 3. Nge2 Nd4 4. b3 e5 5. Nd5 g6 6. Nec3 Bg7 7. Bc4 Nf6 8. Nxf6+ Bxf6 9. Nd5 Bg7 10. c3 Nc6 11. O-O O-O 12. f4 exf4 13. d3 d6 14. Bxf4 a6 15. Qd2 Kh8 16. a4 Rb8 17. b4 cxb4 18. cxb4 b5 19. axb5 axb5 20. Ba2 f5 21. Rac1 Bb7 22. Bg5 Qd7 23. Nf4 Nd4 24. Qe1 Be5 25. Bh6 Rfe8 26. Qh4 d5 27. exd5 Ra8 28. Rf2 Qd6 29. h3 Ra3 30. Bg5 Qb6 31. Kh1 Bg7 32. d6 Qxd6 33. Bf7 Re6 34. Bxe6 Nxe6 35. Nxg6+ Kg8 36. Ne7+ Kh8 37. Nxf5 Qxd3 38. Nxg7 Qxh3+ 39. Qxh3 Rxh3+ 40. Kg1 Nxg5 41. gxh3 Nxh3+ 42. Kf1 1-0

[Event "26th Abu Dhabi Master 2019"]
[Site "Abu Dhabi"]
[Date "2019.08.04"]
[Round "4.24"]
[White "Viani Antonio Dcunha"]
[Black "Xu, Yi"]
[Result "0-1"]
[ECO "B45"]
[WhiteElo "2371"]
[BlackElo "2524"]
[Annotator "ChessBase"]
[PlyCount "94"]
[EventDate "2019.08.02"]
[EventType "swiss"]
[EventCountry "UAE"]
[SourceTitle "playchess.com"]
[Source "ChessBase"]
[SourceQuality "1"]
[TimeControl "5400+30"]

1. e4 c5 2. Nf3 Nc6 3. d4 cxd4 4. Nxd4 e6 5. Nc3 Nf6 6. Nxc6 bxc6 7. e5 Nd5 8. Ne4 Qc7 9. f4 Qb6 10. c4 Bb4+ 11. Ke2 f5 12. Nf2 Ba6 13. Kf3 Ne7 14. Be3 Bc5 15. Bxc5 Qxc5 16. Qd6 Qb6 17. b3 c5 18. Rd1 Rd8 19. Nd3 Rc8 20. Nb2 Bb7+ 21. Kf2 Bc6 22. Be2 Qa5 23. Na4 Bxa4 24. bxa4 Qxa4 25. Rd2 Qc6 26. Rb1 Qxd6 27. Rxd6 Rc7 28. Rb5 Nc8 29. Ra6 Ke7 30. Ke3 Rd8 31. g4 d6 32. gxf5 exf5 33. Rb1 Nb6 34. Rg1 g6 35. h4 dxe5 36. fxe5 Kf7 37. a4 Re8 38. Kf4 Nd7 39. Bf3 Nxe5 40. Bd5+ Kg7 41. h5 Nd3+ 42. Kf3 Rce7 43. hxg6 Re3+ 44. Kg2 Nf4+ 45. Kf2 Nh3+ 46. Kg2 Nxg1 47. Rxa7+ R3e7 0-1

[Event "26th Abu Dhabi Master 2019"]
[Site "Abu Dhabi"]
[Date "2019.08.04"]
[Round "4.25"]
[White "Rathanvel, V S"]
[Black "Iniyan, P."]
[Result "0-1"]
[ECO "B41"]
[WhiteElo "2367"]
[BlackElo "2524"]
[Annotator "ChessBase"]
[PlyCount "48"]
[EventDate "2019.08.02"]
[EventType "swiss"]
[EventCountry "UAE"]
[SourceTitle "playchess.com"]
[Source "ChessBase"]
[SourceQuality "1"]
[TimeControl "5400+30"]

1. e4 c5 2. Nf3 e6 3. d4 cxd4 4. Nxd4 a6 5. c4 Nf6 6. Nc3 Qc7 7. Be2 b6 8. O-O Bb7 9. Qd3 d6 10. f4 Nbd7 11. b4 Rc8 12. Bd2 Be7 13. Rac1 h6 14. f5 e5 15. Nd5 Qb8 16. Nc2 Nxd5 17. cxd5 Bg5 18. Ne3 Rxc1 19. Rxc1 O-O 20. g3 Rc8 21. Rxc8+ Qxc8 22. h4 Bxe3+ 23. Bxe3 Qd8 24. Bf2 Qc7 0-1

[Event "26th Abu Dhabi Master 2019"]
[Site "Abu Dhabi"]
[Date "2019.08.04"]
[Round "4.26"]
[White "Bajarani, Ulvi"]
[Black "Pranav, V."]
[Result "1/2-1/2"]
[ECO "E52"]
[WhiteElo "2485"]
[BlackElo "2316"]
[Annotator "ChessBase"]
[PlyCount "74"]
[EventDate "2019.08.02"]
[EventType "swiss"]
[EventCountry "UAE"]
[SourceTitle "playchess.com"]
[Source "ChessBase"]
[SourceQuality "1"]
[TimeControl "5400+30"]

1. d4 Nf6 2. c4 e6 3. Nc3 Bb4 4. e3 O-O 5. Bd3 d5 6. Nf3 b6 7. cxd5 exd5 8. O-O Bb7 9. Bd2 Re8 10. Ne5 Bd6 11. f4 c5 12. Bb5 Re6 13. Be1 a6 14. Ba4 Be7 15. Bg3 cxd4 16. exd4 b5 17. f5 Rb6 18. Bb3 Nc6 19. Nxc6 Bxc6 20. Rc1 Qd7 21. Be5 a5 22. Bc2 h6 23. h3 a4 24. Bd3 Re8 25. b3 Bd8 26. b4 a3 27. Nb1 Qa7 28. Nxa3 Ra6 29. Rc3 Ne4 30. Bxe4 dxe4 31. f6 e3 32. Rxe3 Bxf6 33. Rxf6 gxf6 34. Rg3+ Kf8 35. Bf4 Re4 36. Bxh6+ Ke7 {[%emt 0:00:19] d5 Bxd5+} 37. Nxb5 {[%emt 0:05:55] Bc6+ Nc3 Rxb4+} Re3 {[%emt 0:02:11] Kd7 Rd3+ Ke6+ Bc1 f5+} 1/2-1/2

[Event "26th Abu Dhabi Master 2019"]
[Site "Abu Dhabi"]
[Date "2019.08.04"]
[Round "4.27"]
[White "Eynullayev, Altay"]
[Black "Sindarov, Javokhir"]
[Result "0-1"]
[ECO "E73"]
[WhiteElo "2188"]
[BlackElo "2479"]
[Annotator "ChessBase"]
[PlyCount "66"]
[EventDate "2019.08.02"]
[EventType "swiss"]
[EventCountry "UAE"]
[SourceTitle "playchess.com"]
[Source "ChessBase"]
[SourceQuality "1"]
[TimeControl "5400+30"]

1. d4 Nf6 2. c4 g6 3. Nc3 Bg7 4. e4 d6 5. Be2 O-O 6. Be3 e5 7. d5 Na6 8. g4 Nc5 9. f3 c6 10. h4 a5 11. h5 a4 12. Nh3 cxd5 13. cxd5 Bd7 14. Nf2 Qa5 15. Qd2 b5 16. Rc1 Rfc8 17. Kf1 a3 18. b4 Qxb4 19. Nxb5 Qxd2 20. Bxd2 Bxb5 21. Bxb5 Rab8 22. Bc4 Rb2 23. Be3 Nfd7 24. hxg6 hxg6 25. Bxc5 Nxc5 26. Kg2 Bf6 27. Rb1 Rcb8 28. Rxb2 Rxb2 29. Kg3 Bg5 30. Nh3 Be3 31. Re1 Bd4 32. Rc1 g5 33. Re1 Rc2 0-1

[Event "26th Abu Dhabi Master 2019"]
[Site "Abu Dhabi"]
[Date "2019.08.04"]
[Round "4.28"]
[White "Arjun Kalyan"]
[Black "Senthil Maran K"]
[Result "1/2-1/2"]
[ECO "B38"]
[WhiteElo "2482"]
[BlackElo "2222"]
[Annotator "ChessBase"]
[PlyCount "42"]
[EventDate "2019.08.02"]
[EventType "swiss"]
[EventCountry "UAE"]
[SourceTitle "playchess.com"]
[Source "ChessBase"]
[SourceQuality "1"]
[TimeControl "5400+30"]

1. e4 c5 2. Nf3 Nc6 3. d4 cxd4 4. Nxd4 g6 5. c4 Bg7 6. Be3 d6 7. Nc3 Qb6 8. Ndb5 Qa5 9. a3 Nf6 10. b4 Qd8 11. f3 O-O 12. Be2 a6 13. Nd4 Nxd4 14. Bxd4 Be6 15. O-O Nd7 16. f4 Bxd4+ 17. Qxd4 Qb6 18. Rad1 Rfc8 19. Na4 Qxd4+ 20. Rxd4 b5 21. cxb5 Bb3 1/2-1/2

[Event "26th Abu Dhabi Master 2019"]
[Site "Abu Dhabi"]
[Date "2019.08.04"]
[Round "4.30"]
[White "Dixit, Nikhil"]
[Black "Onischuk, Vladimir"]
[Result "0-1"]
[ECO "B08"]
[WhiteElo "2318"]
[BlackElo "2637"]
[Annotator "ChessBase"]
[PlyCount "78"]
[EventDate "2019.08.02"]
[EventType "swiss"]
[EventCountry "UAE"]
[SourceTitle "playchess.com"]
[Source "ChessBase"]
[SourceQuality "1"]
[TimeControl "5400+30"]

1. e4 d6 2. d4 g6 3. Nc3 Bg7 4. Nf3 Nf6 5. Be2 O-O 6. O-O c6 7. Bg5 Nbd7 8. a4 h6 9. Be3 Re8 10. h3 e5 11. dxe5 dxe5 12. Nd2 Qe7 13. Nc4 Bf8 14. Qc1 h5 15. Rd1 Qe6 16. Rd2 Nc5 17. f3 b6 18. Qf1 Ba6 19. Rad1 Nb7 20. g4 hxg4 21. hxg4 Rad8 22. Rxd8 Rxd8 23. Rxd8 Nxd8 24. Nd2 Bc8 25. Ba6 Bd7 26. Qd3 Qe7 27. Bg5 Ne6 28. Bxf6 Qxf6 29. Qxd7 Bc5+ 30. Kf1 Qh4 31. Ke2 b5 32. Bxb5 cxb5 33. Nd5 Qf2+ 34. Kd1 Qg1+ 35. Ke2 Be3 36. Qe8+ Kg7 37. Kd3 Bg5 38. Nb3 Qf1+ 39. Kc3 Qc4# {[%emt 0:00:03] Kd4} 0-1